 Dungeon Crawl Stone Soup version 0.18.1-48-g4cf74bf (webtiles) character file.

27167 tyrion the Arsonist (level 13, -10/78 HPs)
             Began as a Kobold Fire Elementalist on Aug 15, 2016.
             Was a High Priest of Vehumet.
             Killed from afar by a frost giant (55 damage)
             ... with a bolt of cold
             ... on level 13 of the Dungeon.
             The game lasted 00:55:40 (20624 turns).

tyrion the Arsonist (Kobold Fire Elementalist)     Turns: 20624, Time: 00:55:40

Health: -10/78     AC:  6    Str:  6    XL:     13   Next: 63%
Magic:  14/23      EV: 23    Int: 17    God:    Vehumet [*****.]
Gold:   662        SH:  7    Dex: 18    Spells: 6 memorised, 9 levels left

rFire  + . .     SeeInvis .     n - +3 dagger (elec)
rCold  . . .     Gourm    .     s - +1 robe
rNeg   . . .     Faith    .     F - +0 buckler (curse)
rPois  .         Spirit   .     t - +0 helmet
rElec  .         Dismiss  .     g - +0 cloak
rCorr  .         Reflect  .     C - +0 pair of gloves
SustAt .         Harm     .     (no boots)
MR     +....                    (no amulet)
Stlth  +++.......               M - ring of protection from magic
                                x - ring of protection from fire

@: somewhat resistant to hostile enchantments, fairly stealthy
A: carnivore 3
a: Renounce Religion


You were on level 13 of the Dungeon.
You worshipped Vehumet.
Vehumet was extremely pleased with you.
You were very full.

You visited 2 branches of the dungeon, and saw 14 of its levels.

You collected 821 gold pieces.
You spent 159 gold pieces at shops.

Inventory:

Hand Weapons
 n - a +3 dagger of electrocution (weapon)
 J - a cursed -3 blowgun
Missiles
 K - 9 curare-tipped needles
Armour
 g - a +0 cloak (worn)
 s - a +1 robe (worn)
 t - a +0 helmet (worn)
 C - a +0 pair of gloves (worn)
 D - the +0 robe "Sueplaij" {-Cast rPois Regen+ Str+4 Slay+4}
   (You bought it in a shop on level 7 of the Dungeon)

   It affects your strength (+4).
   It affects your accuracy and damage with ranged weapons and melee attacks
   (+4).
   It protects you from poison.
   It prevents spellcasting.
   It increases your rate of regeneration.
 F - a cursed +0 buckler (worn)
Magical Staves
 G - an uncursed staff of fire
Jewellery
 o - an uncursed ring of fire
 x - a ring of protection from fire (left hand)
 H - an uncursed ring of fire
 M - a ring of protection from magic (right hand)
 O - the amulet of the Air {Inacc +Fly rElec EV+5 RMsl}
   (You found it on level 11 of the Dungeon)

   [amulet of inaccuracy]

   It reduces the accuracy of all your attacks.
   It affects your evasion (+5).
   It insulates you from electricity.
   It lets you fly.
   It protects you from missiles.
Wands
 u - a wand of confusion (4/48)
 B - a wand of polymorph (13/24)
 E - a wand of digging (10/24)
 Q - a wand of paralysis (15/24)
 R - a wand of disintegration (11/24)
 T - a wand of slowing (13/48)
Scrolls
 a - 2 scrolls of fog
 d - a scroll of identify
 e - 3 scrolls of magic mapping
 h - 3 scrolls of blinking
 v - 3 scrolls of remove curse
 y - 4 scrolls of enchant armour
 I - 2 scrolls of teleportation
Potions
 b - a potion of ambrosia
 f - a potion of berserk rage
 i - a potion of brilliance
 j - 2 potions of flight
 k - 3 potions of agility
 l - a potion of curing
 m - 4 potions of lignification
 p - a potion of might
 q - 5 potions of haste
 z - a potion of resistance
 N - a potion of magic
Books
 P - a book of Geomancy

   Spells                             Type                      Level
   a - Sandblast                      Earth                        1
   b - Passwall                       Transmutation/Earth          2
   c - Stone Arrow                    Conjuration/Earth            3
   d - Petrify                        Transmutation/Earth          4
   e - Lee's Rapid Deconstruction     Earth                        5
Comestibles
 c - 7 meat rations
 r - 5 beef jerkies
 w - 2 royal jellies
 A - 10 slices of pizza


   Skills:
 * Level 8.0 Fighting
 - Level 10.4 Short Blades
 + Level 9.8 Dodging
 - Level 2.6 Stealth
 - Level 6.0 Shields
 + Level 7.0 Spellcasting
 * Level 9.8 Conjurations
 * Level 10.5 Fire Magic


You had 9 spell levels left.
You knew the following spells:

 Your Spells              Type           Power        Failure   Level  Hunger
a - Flame Tongue          Conj/Fire      #####        1%          1    None
b - Throw Flame           Conj/Fire      #####.       1%          2    None
c - Conjure Flame         Conj/Fire      #####...     1%          3    ##.....
d - Sticky Flame          Conj/Fire      #####...     1%          4    ####...
e - Fireball              Conj/Fire      #####.....   2%          5    #####..
f - Passwall              Trmt/Erth      #.........   21%         2    None


Dungeon Overview and Level Annotations

Branches:
Dungeon (13/15)            Temple (1/1) D:7            Lair (0/8) D:11
    Orc (0/2) D:10
 Vaults: D:13-14

Altars:
Ashenzari
Cheibriados
Dithmenos
Fedhas
Gozag
Kikubaaqudgha
Nemelex Xobeh
Okawaru
Pakellas
Qazlal
Ru
Sif Muna
Trog
Vehumet
Xom
Yredelemnul
The Shining One

Shops:
D:7 [[([*   D:10 }

Portals:
Trove: D:11 (give 12 potions of heal wounds)

Annotations:
D:3 exclusion: ogre, Grinder
D:4 exclusion: ogre
D:10 heal wounds
D:11 exclusion: ice statue


Innate Abilities, Weirdness & Mutations

You are small and have problems with some larger weapons.
You are carnivorous and can eat meat at any time.


Message History

You hear an angry hiss.
Unknown command.
Casting: Fireball
Confirm with . or Enter, or press ? or * to list all spells.
Aiming: Sticky Flame
Press: ? - help, Shift-Dir - straight line, f/p - frost giant
Aim: a frost giant, wielding a battleaxe of freezing (lightly wounded)
The sticky flame hits the frost giant.
The frost giant is moderately wounded.
The frost giant is covered in liquid flames!
The frost giant burns!
The frost giant hits you with a battleaxe of freezing!!
The frost giant freezes you.
Unknown command.
The frost giant burns!
The frost giant burns!
The frost giant gestures at you while chanting.
The bolt of cold hits you!
Ouch! That really hurt!
You die...

##########################
#..))[C..@...............)
#..))##.....#####.....####
#.....#.....# #.....#
#.....##...## ##...##
#.#....##.## ##.##
#.###..C### ### ## #.
##.... ##. #. #.... ##..
#. ..⌠..# #...


You could see a frost giant (burning).

Vanquished Creatures
  2 hydras
  2 centaur warriors (D:13)
  Sonja (D:10)
  An orc knight (D:13)
  5 hill giants
  A phantasmal warrior (D:13)
  An oklob plant (D:11)
  A deep elf mage (D:13)
  2 ugly things
  7 slime creatures
  3 cyclopes
  Psyche (D:11)
  A komodo dragon (D:11)
  3 kobold demonologists
  6 trolls
  2 wyverns
  4 water elementals (D:12)
  A hog (D:7)
  A human (D:7)
  17 yaks
  A golden eye (shapeshifter) (D:12)
  4 hippogriffs
  6 hungry ghosts
  A basilisk (D:12)
  2 mottled dragons
  A soldier ant (D:13)
  4 orc warriors
  A black bear (D:7)
  4 ice beasts
  4 sky beasts
  3 phantoms
  8 ogres
  8 centaurs
  7 big kobolds
  8 giant frogs
  A gnoll sergeant (D:7)
  Blork the orc (D:5)
  A wyvern zombie (D:9)
  A scorpion (D:7)
  8 wights
  15 killer bees
  An electric eel (D:12)
  7 howler monkeys
  2 jellies (D:10)
  A quasit (D:10)
  9 crimson imps
  3 centaur zombies
  3 giant frog zombies
  6 orc priests
  3 hounds
  Crazy Yiuf (D:5)
  A gnoll shaman (D:5)
  3 centaur skeletons
  3 iguanas
  14 worker ants
  9 orc wizards
  7 sheep
  A killer bee zombie (D:6)
  A howler monkey zombie (D:5)
  16 adders
  49 gnolls
  2 shadow imps (D:8)
  2 worms
  An adder skeleton (D:6)
  7 dart slugs
  7 giant geckos
  44 orcs
  3 bats
  7 giant cockroaches
  5 goblins
  7 hobgoblins
  26 jackals
  A quokka (D:9)
  A ball python (D:3)
  4 giant newts
  A jackal skeleton (D:6)
  A jackal zombie (D:5)
  12 kobolds
  2 quokka skeletons
  10 rats
  A plant (D:11)
435 creatures vanquished.

Vanquished Creatures (others)
  A howler monkey (D:13)
  A giant frog zombie (D:7)
  4 plants
6 creatures vanquished.

Grand Total: 441 creatures vanquished

Notes
Turn   | Place    | Note
--------------------------------------------------------------
     0 | D:1      | tyrion the Kobold Fire Elementalist began the quest for the Orb.
     0 | D:1      | Reached XP level 1. HP: 10/10 MP: 3/3
    71 | D:1      | Reached skill level 1 in Conjurations
   308 | D:1      | Reached XP level 2. HP: 15/15 MP: 1/5
   362 | D:1      | Learned a level 2 spell: Throw Flame
  1006 | D:2      | Reached XP level 3. HP: 19/19 MP: 6/6
  1293 | D:2      | Found a sparkling altar of Nemelex Xobeh.
  1507 | D:2      | Reached XP level 4. HP: 6/24 MP: 3/7
  2364 | D:3      | Noticed Grinder
  2365 | D:3      | Paralysed by Grinder for 6 turns
  2471 | D:3      | Noticed an ogre
  2707 | D:3      | Reached XP level 5. HP: 20/28 MP: 2/8
  2924 | D:3      | Learned a level 3 spell: Conjure Flame
  2991 | D:3      | Reached skill level 1 in Fighting
  3752 | D:4      | Reached XP level 6. HP: 22/34 MP: 6/10
  3788 | D:4      | Learned a level 4 spell: Sticky Flame
  3832 | D:4      | Noticed an ogre
  3903 | D:4      | Reached skill level 1 in Short Blades
  3906 | D:4      | Noticed an ogre
  3942 | D:5      | Entered Level 5 of the Dungeon
  4434 | D:5      | Noticed Crazy Yiuf
  4455 | D:5      | Killed Crazy Yiuf
  4608 | D:5      | Reached XP level 7. HP: 23/38 MP: 2/11
  5443 | D:5      | Noticed Blork the orc
  5458 | D:5      | Reached XP level 8. HP: 44/44 MP: 6/13
  5796 | D:6      | Reached skill level 5 in Fire Magic
  5886 | D:5      | Killed Blork the orc
  6417 | D:5      | Noticed a moth of wrath
  6707 | D:5      | Reached skill level 5 in Dodging
  6709 | D:5      | Found a shimmering altar of Xom.
  6763 | D:5      | Found a bloodstained altar of Trog.
  7081 | D:6      | Found a deep blue altar of Sif Muna.
  7677 | D:6      | Reached XP level 9. HP: 43/50 MP: 9/15
  7766 | D:7      | Reached skill level 5 in Conjurations
  7860 | D:7      | Found a staircase to the Ecumenical Temple.
  7922 | Temple   | Entered the Ecumenical Temple
  8063 | Temple   | Became a worshipper of Vehumet
  8158 | D:7      | Found Ikles's Antique Armour Boutique.
  8163 | D:7      | Bought a dull robe for 159 gold pieces
  8173 | D:7      | Identified the +0 robe "Sueplaij" {-Cast rPois Regen+ Str+4 Slay+4} (You bought it in a shop on level 7 of the Dungeon)
  8277 | D:7      | Found Nineuty's Weapon Shop.
  8307 | D:7      | Found Ibuquaru's Assorted Antiques.
  8357 | D:7      | Reached skill level 5 in Short Blades
  8442 | D:7      | Found a bloodstained altar of Trog.
  8442 | D:7      | Found a snail-covered altar of Cheibriados.
  8443 | D:7      | Found a shattered altar of Ashenzari.
  9235 | D:7      | Found Jeomuota's Antique Armour Emporium.
  9331 | D:7      | Reached * piety under Vehumet
  9331 | D:7      | Offered knowledge of Sting by Vehumet.
  9674 | D:7      | Found Vurgha's Antique Armour Emporium.
  9737 | D:7      | Reached XP level 10. HP: 29/56 MP: 11/17
  9890 | D:7      | Learned a level 5 spell: Fireball
 10492 | D:8      | Offered knowledge of Shock by Vehumet.
 10715 | D:8      | Reached ** piety under Vehumet
 11173 | D:9      | Reached skill level 5 in Spellcasting
 11331 | D:9      | Reached skill level 1 in Shields
 11613 | D:9      | Reached skill level 5 in Fighting
 11786 | D:9      | Reached XP level 11. HP: 57/63 MP: 7/18
 12037 | D:9      | Noticed a five-headed hydra
 12228 | D:8      | Offered knowledge of Stone Arrow by Vehumet.
 12404 | D:9      | Noticed a red ugly thing
 12489 | D:9      | Killed a five-headed hydra
 12740 | D:9      | Noticed a giant orange brain
 12863 | D:9      | Found an opulent altar of Gozag.
 12873 | D:9      | Found a bloodstained altar of Trog.
 13005 | D:10     | Entered Level 10 of the Dungeon
 13032 | D:10     | Found a staircase to the Orcish Mines.
 13186 | D:10     | Reached *** piety under Vehumet
 13387 | D:10     | Found Uloqyunk's Gadget Emporium.
 13811 | D:10     | Noticed Sonja
 13820 | D:10     | Killed Sonja
 14313 | D:10     | Noticed a stone giant
 14509 | D:11     | Found a staircase to the Lair.
 14510 | D:11     | Noticed an oklob plant
 14861 | D:11     | Offered knowledge of Ignite Poison by Vehumet.
 14862 | D:11     | Noticed a hill giant
 14895 | D:11     | Noticed a hill giant
 15284 | D:11     | Reached XP level 12. HP: 60/69 MP: 11/20
 15573 | D:11     | Noticed Psyche
 15583 | D:11     | Killed Psyche
 15583 | D:11     | Reached skill level 10 in Short Blades
 15878 | D:11     | Reached **** piety under Vehumet
 15904 | D:11     | Offered knowledge of Bolt of Magma by Vehumet.
 15991 | D:11     | Found a portal to a secret trove of treasure.
 17753 | D:12     | Found a deep blue altar of Sif Muna.
 18200 | D:12     | Reached skill level 5 in Shields
 18254 | D:12     | Reached XP level 13. HP: 74/76 MP: 19/22
 18430 | D:12     | Reached skill level 10 in Fire Magic
 18743 | D:12     | Noticed a four-headed hydra
 18764 | D:12     | Killed a four-headed hydra
 19264 | D:13     | Noticed a centaur warrior
 19279 | D:13     | Killed a centaur warrior
 19756 | D:13     | Learned a level 2 spell: Passwall
 20060 | D:13     | Reached ***** piety under Vehumet
 20089 | D:13     | Noticed a centaur warrior
 20103 | D:13     | Offered knowledge of Olgreb's Toxic Radiance by Vehumet.
 20113 | D:13     | Killed a centaur warrior
 20612 | D:13     | Noticed a frost giant
 20624 | D:13     | Killed from afar by a frost giant

Skill      XL: |  1  2  3  4  5  6  7  8  9 10 11 12 13 |
---------------+----------------------------------------+-----
Conjurations   | 1 2 3 4 5 6 7 8 9 |  9.8
Dodging        | 3 4 5 6 7 8 9 |  9.8
Fighting       | 1 2 3 5 6 8 |  8.0
Fire Magic     | 4 5 6 7 8 9 10 | 10.5
Short Blades   | 2 3 4 6 8 9 10 | 10.4
Spellcasting   | 3 4 5 6 7 |  7.0
Shields        | 1 3 5 6 |  6.0
Stealth        | |  2.6

Action                   |  1- 3 |  4- 6 |  7- 9 | 10-12 | 13-15 || total
-------------------------+-------+-------+-------+-------+-------++-------
Melee: Short sword       |    38 |    34 |       |       |       ||    72
       Dagger            |       |    77 |   125 |   310 |   213 ||   725
       Quarterstaff      |       |       |     3 |       |       ||     3
 Cast: Flame Tongue      |    37 |    93 |   182 |   147 |    25 ||   484
       Throw Flame       |       |     3 |    11 |    96 |    12 ||   122
       Sticky Flame      |       |       |    23 |    93 |    42 ||   158
       Fireball          |       |       |       |    19 |     9 ||    28
  Use: Scroll            |       |    10 |    10 |    12 |     2 ||    34
       Potion            |       |       |       |       |     5 ||     5
 Stab: Sleeping          |     1 |     3 |     1 |     6 |       ||    11
       Distracted        |       |       |     1 |     1 |     1 ||     3
  Eat: Chunk             |     7 |    14 |    22 |    44 |    26 ||   113
Armor: Robe              |     8 |    26 |    21 |    45 |    16 ||   116
Dodge: Dodged            |    55 |   128 |   177 |   386 |   166 ||   912
Block: Buckler           |       |       |       |       |     6 ||     6
